 Dungeon Crawl Stone Soup version 0.29-a0-322-g68df515428 (webtiles) character file.

Game seed: 6028246884963221188

2750 avis the Grappler (level 9, -8/124 HPs)
             Began as a Hill Orc Monk on Apr 9, 2022.
             Was a Believer of Beogh.
             Mangled by an orc knight
             ... wielding a +0 war axe
              (23 damage)
             ... in a bailey on Apr 10, 2022.
             The game lasted 00:50:34 (10255 turns).

avis the Grappler (Hill Orc Monk)                  Turns: 10255, Time: 00:50:36

Health: -8/124     AC: 28    Str: 18    XL:     9   Next: 68%
Magic:  5/10       EV:  2    Int: 10    God:    Beogh [**....]
Gold:   248        SH:  5    Dex: 13    Spells: 8/8 levels left

rFire   . . .      SeeInvis .     - Unarmed
rCold   + . .      Faith    .   E - +0 buckler
rNeg    . . .      Spirit   .   (body armour currently unavailable)
rPois   +          Reflect  .   (helmet currently unavailable)
rElec   .          Harm     .   (cloak currently unavailable)
rCorr   .          Rampage  .   (gloves currently unavailable)
Will    .....      NoTele   +   (boots currently unavailable)
Stlth   ++........              q - amulet of the acrobat
HPRegen 0.30/turn               r - ring of protection from cold
MPRegen 0.12/turn               y - +4 ring of protection

@: tree-form
A: stationary, stasis, torment immunity, boosted hp
a: Renounce Religion, Smiting


You were in a bailey.
You worshipped Beogh.
Beogh was pleased with you.
You were a tree.
You visited 2 branches of the dungeon, and saw 8 of its levels.
You also visited: Bailey.

You collected 248 gold pieces.

Inventory:

Hand Weapons
 a - a +3 rapier of venom
 l - a +1 whip of freezing
 D - a +3 quarterstaff of chaos
 F - a +0 shortbow
 H - a +2 halberd of freezing
 O - a +4 spear of venom
 R - a +0 mace of protection
Missiles
 U - a curare-tipped dart (quivered)
Armour
 d - a +0 chain mail
 h - a +0 cloak (melded)
 B - a +0 pair of gloves (melded)
 E - a +0 buckler (worn)
 J - a +2 leather armour of cold resistance (melded)
 N - a +2 hat of stealth (melded)
Jewellery
 q - an amulet of the acrobat (around neck)
 r - a ring of protection from cold (left branch)
 y - a +4 ring of protection (right branch)
Wands
 g - a wand of digging (4)
 p - a wand of paralysis (10)
 T - a wand of acid (10)
Scrolls
 c - a scroll of fog
 m - 2 scrolls of teleportation
 u - a scroll of fear
Potions
 b - a potion of lignification
 i - 2 potions of haste
 w - a potion of attraction {unknown}
 x - a potion of cancellation {unknown}
 z - a potion of resistance
 A - 3 potions of curing
 I - 2 potions of flight


   Skills:
 + Level 9.1 Fighting
 - Level 3.0 Armour
 - Level 3.0 Dodging
 - Level 1.5 Stealth
 - Level 4.0 Shields
 * Level 10.9 Unarmed Combat
 + Level 1.4 Invocations


You had 8 spell levels left.
You didn't know any spells.
Your spell library contained the following spells:

 Spells                   Type           Power      Damage    Failure   Level
 Apportation              Tloc           0%         N/A       43%         1
 Stone Arrow              Conj/Erth      0%         3d7       82%         3
 Summon Guardian Golem    Hex/Summ       0%         N/A       82%         3
 Animate Armour           Summ/Erth      0%         N/A       99%         4
 Animate Dead             Necr           0%         N/A       99%         4
 Alistair's Intoxication  Tmut/Pois      0%         N/A       100%        5
 Borgnjor's Vile Clutch   Necr/Erth      0%         N/A       100%        5
 Death Channel            Necr           0%         N/A       100%        6
 Haunt                    Necr/Summ      0%         N/A       100%        7
 Orb of Destruction       Conj           0%         9d5       100%        7
 Spellforged Servitor     Conj/Summ      0%         N/A       100%        7
 Infestation              Necr           0%         N/A       100%        8
 Lehudib's Crystal Spear  Conj/Erth      0%         10d2      100%        8


Dungeon Overview and Level Annotations

Branches:
Dungeon (7/15)             Temple (1/1) D:4          Bailey (1/1)

Altars:
Cheibriados
Elyvilon
Nemelex Xobeh
Qazlal
Trog
Vehumet

Shops:
D:3 ([![(   D:6 ?=?


Message History

You closely miss the orc knight.
The orc knight is heavily wounded.
The orc knight barely misses you.
You closely miss the orc knight.
The orc knight is heavily wounded.
You closely miss the orc knight.
The orc knight is heavily wounded.
The orc knight hits you with a +0 war axe!
You hit the orc knight.
The orc knight is heavily wounded.
The orc knight barely misses you.
You punch the orc knight!
The orc knight is severely wounded.
The orc knight hits you but does no damage.
You hit the orc knight but do no damage.
The orc knight is severely wounded.
The orc knight hits you with a +0 war axe!!
You closely miss the orc knight.
The orc knight is severely wounded.
The orc knight hits you with a +0 war axe!!
You closely miss the orc knight.
The orc knight is severely wounded.
You closely miss the orc knight.
The orc knight is severely wounded.
The orc knight hits you with a +0 war axe!
* * * LOW HITPOINT WARNING * * *
You barely miss the orc knight.
The orc knight is severely wounded.
The orc knight hits you with a +0 war axe!
* * * LOW HITPOINT WARNING * * *
Really quaff the potion of lignification?
You turn into a tree.
Your +0 cloak melds into your body.
Your +2 hat of stealth melds into your body.
Your +0 pair of gloves melds into your body.
Your +2 leather armour of cold resistance melds into your body.
You feel less stealthy.
You feel less resistant to cold.
Your roots penetrate the ground.
The orc knight hits you with a +0 war axe!!
You die...
Beogh appreciates the orc knight's killing of a heretic priest.

#≈≈≈≈≈# .8g8.
#≈≈≈≈≈######...#
#≈≈≈≈≈≈.#......#
######.≈≈≈≈≈.#......#
#......≈≈≈≈≈.#++####
###......≈≈≈≈≈.#.....#
#..............).....#
#∩..∩...)......)..⌠).#
#.......♣o.....).....#
###......≈≈≈≈≈.#.....#
#......≈≈≈≈≈.#''####
######.≈≈≈≈≈.#......#
#≈≈≈≈≈≈.#......#
#≈≈≈≈≈######...#
#≈≈≈≈≈# .8.8. #≈≈≈≈≈#
....og #≈≈≈≈≈# #####


You could see an orc knight.

Vanquished Creatures
  Pikel (D:6)
  Eustachio (D:6)
  A black bear (D:4)
  An ice beast (D:5)
  An orc warrior (Bailey)
  A sky beast (D:6)
  4 ogres
  3 lemures (D:5)
  A centaur (D:6)
  2 phantoms
  A bullfrog (D:7)
  2 necrophages
  2 gnoll sergeants
  A scorpion (D:4)
  3 killer bees (D:7)
  An electric eel (Bailey)
  A gnoll shaman (D:5)
  3 hounds
  A jelly (D:5)
  Crazy Yiuf (D:5)
  4 iguanas
  3 orc wizards
  12 gnolls
  8 adders
  2 shadow imps (D:6)
  2 ufetubi
  3 worms
  4 dart slugs
  18 orcs
  7 ball pythons
  2 bats
  5 endoplasms
  5 giant cockroaches
  13 goblins
  9 hobgoblins
  3 quokkas
  2 frilled lizards (D:1)
  8 kobolds
  11 rats
153 creatures vanquished.

Vanquished Creatures (others)
  A scorpion (D:6)
  An orc (D:6)
2 creatures vanquished.

Grand Total: 155 creatures vanquished

Notes
Turn   | Place    | Note
-------+----------+-------------------------------------------
     0 | D:1      | avis the Hill Orc Monk began the quest for the Orb.
     0 | D:1      | Reached XP level 1. HP: 19/19 MP: 1/1
   192 | D:1      | Reached XP level 2. HP: 26/27 MP: 2/2
   634 | D:1      | Reached skill level 4 in Unarmed Combat
   957 | D:1      | Reached XP level 3. HP: 32/33 MP: 3/3
  1920 | D:2      | Reached skill level 1 in Armour
  2245 | D:2      | HP: 1/33 [worm (9)]
  2885 | D:2      | Reached XP level 4. HP: 39/40 MP: 4/4
  3369 | D:3      | Found Dusuzxiast's Antique Weapon Shop.
  3507 | D:3      | Found Viajudil's Armour Emporium.
  3625 | D:3      | Found Vuapinna's Distillery.
  4118 | D:3      | Reached skill level 5 in Unarmed Combat
  4127 | D:3      | Found a white marble altar of Elyvilon.
  4232 | D:3      | Found a stormy altar of Qazlal.
  4245 | D:3      | Found Taciovio's Weapon Boutique.
  4287 | D:3      | Found a snail-covered altar of Cheibriados.
  4393 | D:3      | Found Hilipt's Antique Armour Shoppe.
  4644 | D:4      | Noticed a phantom
  4661 | D:3      | Reached skill level 1 in Shields
  4661 | D:3      | Reached XP level 5. HP: 21/47 MP: 5/5
  4851 | D:4      | Killed a phantom
  4852 | D:4      | Reached skill level 5 in Fighting
  5052 | D:4      | Reached XP level 6. HP: 53/56 MP: 6/6
  5201 | D:4      | Noticed a black bear
  5215 | D:4      | Killed a black bear
  5272 | D:4      | Found a staircase to the Ecumenical Temple.
  5287 | Temple   | Entered the Ecumenical Temple
  5362 | D:4      | Reached skill level 6 in Unarmed Combat
  5362 | D:4      | Reached XP level 7. HP: 60/62 MP: 7/7
  5686 | D:4      | Found a bloodstained altar of Trog.
  5741 | D:5      | Entered Level 5 of the Dungeon
  5956 | D:5      | Found a sparkling altar of Nemelex Xobeh.
  6984 | D:5      | Found a runed translucent door.
  6985 | D:5      | Noticed Crazy Yiuf
  6992 | D:5      | Killed Crazy Yiuf
  6993 | D:5      | Reached skill level 7 in Unarmed Combat
  7089 | D:6      | Reached XP level 8. HP: 63/71 MP: 8/8
  7481 | D:5      | Reached skill level 8 in Unarmed Combat
  8312 | D:6      | Noticed Pikel
  8325 | D:6      | Killed Pikel
  8326 | D:6      | Reached skill level 9 in Unarmed Combat
  8326 | D:6      | Reached XP level 9. HP: 80/81 MP: 9/9
  8661 | D:6      | Found Ityexkuila's Magic Scroll Boutique.
  8678 | D:6      | Found Caoqag's Magic Scroll Shop.
  8791 | D:6      | Noticed Eustachio
  8798 | D:6      | Found Verulois's Jewellery Shoppe.
  8879 | D:6      | Killed Eustachio
  8880 | D:6      | Reached skill level 10 in Unarmed Combat
  9371 | D:6      | Became a worshipper of Beogh the Brigand
  9371 | D:6      | Reached * piety under Beogh
  9371 | D:6      | Reached ** piety under Beogh
  9689 | D:7      | Noticed a two-headed ogre
  9751 | D:7      | Found a radiant altar of Vehumet.
 10007 | D:7      | Found a flagged portal.
 10044 | Bailey   | Entered a bailey
 10070 | Bailey   | Reached skill level 1 in Invocations
 10195 | Bailey   | Noticed an orc knight
 10255 | Bailey   | Mangled by an orc knight

Illustrated notes

Levels and vault maps discovered:
D:1:      dpeg_arrival_yet_another_circle, layout_basic, st_stairs_6
D:2:      layout_loops_ring, minmay_indecisive_spiral
D:3:      layout_basic, elyvilon_altar_3, mainiacjoe_overflow_big_doors,
          serial_shops, shop, nicolae_shop_window_shopping, shop_statue,
          nicolae_shop_bloodbath_and_beyond, nicolae_shop_crystal
D:4:      layout_rooms, marbit_many_paths, nicolae_overflow_hidden_temple,
          minmay_temple_entry_wispy
D:5:      layout_basic, mainiacjoe_overflow_surrounded_room,
          uniq_crazy_yiuf_cottage
D:6:      layout_rooms, serial_shops, nicolae_shop_hallway_plus,
          nicolae_shop_advertising_works [nicolae_subvault_shop_adworks], shop,
          serial_curves, eino_curves_04, eino_curves_03, grunt_decor_fettered,
          kennysheep_generic_room_10, uniq_pikel, uniq_eustachio
D:7:      layout_cave_pods, mainiacjoe_overflow_six_doors_small,
          serial_column_ruins, column_ruins_columns_corner,
          column_ruins_open_small, column_ruins_open_small, column_ruins_grid_2,
          enter_bailey_3
Temple:   jpeg_temple_island
Bailey:   bailey_axe_of_yendor_kennysheep, bailey

Skill      XL: |  1  2  3  4  5  6  7  8  9 |
---------------+----------------------------+-----
Fighting       | 4 5 6 8 9 |  9.1
Unarmed Combat | 4 5 6 7 9 10 | 10.9
Armour         | 1 2 3 |  3.0
Shields        | 1 2 4 |  4.0
Dodging        | 3 |  3.0
Invocations    | 1 |  1.4
Stealth        | |  1.5

Action                   |  1- 3 |  4- 6 |  7- 9 || total
-------------------------+-------+-------+-------++-------
Melee: Unarmed           |   146 |       |   110 ||   256
       Punch             |     2 |     8 |       ||    10
       Mace              |    22 |   156 |   498 ||   676
Throw: Dart              |     2 |     3 |     7 ||    12
       Stone             |       |       |     2 ||     2
Invok: Smiting           |       |       |     2 ||     2
       Convert to Beogh  |       |       |     1 ||     1
Evoke: Wand              |       |       |     1 ||     1
  Use: Potion            |     3 |       |    10 ||    13
       Scroll            |       |     6 |     9 ||    15
 Stab: Sleeping          |     6 |     3 |     5 ||    14
Armor: Robe              |    35 |    62 |   201 ||   298
       Leather armour    |       |       |   125 ||   125
Dodge: Dodged            |    82 |   134 |   444 ||   660
Block: Buckler           |       |     1 |   179 ||   180

Table legend: (Time is in decaauts)
 A = Elapsed time spent in this place.
 B = Non-inter-level travel time spent in this place.
 C = Inter-level travel time spent in this place.
 D = Time resting spent in this place.
 E = Time spent auto-exploring this place.
 F = Levels seen in this place.
 G = Mean time per level.
                   A        B        C        D        E       F      G
               +--------+--------+--------+--------+--------+-----+--------+
         Total |  10521 |   9809 |    712 |   3319 |   3288 |   9 | 1169.0 |
       Dungeon |  10285 |   9573 |    712 |   3263 |   3288 |   7 | 1469.3 |
        Temple |     23 |     23 |      0 |      0 |      0 |   1 |   23.0 |
        Bailey |    212 |    212 |      0 |     56 |      0 |   1 |  212.0 |
               +--------+--------+--------+--------+--------+-----+--------+

Top non-repeatable levels by time:
     D:5: 2464 daAuts
     D:1: 1782 daAuts
     D:2: 1665 daAuts
     D:3: 1544 daAuts
     D:6: 1410 daAuts
     D:4: 1018 daAuts
     D:7: 399 daAuts
  Bailey: 212 daAuts
  Temple: 23 daAuts
